Unix NetHack Version 5.0.0-0 post-release - last build May 31 2026 13:37:37 (4f47d67043fb8e84071ad9bc9740482a2de5bd5e,branch:main).

Game began 2026-05-31 14:32:08, ended 2026-05-31 14:44:36.

Japes, lawful female human Valkyrie

                                                      ---------------
          --------------                              |...@.........|
          |............|                              |.............|
          |..<.........|##############################..............|
          - -+------.---#       #------.------        |.............|
                   # ####        |C.........C|        ----------|----
                    #            |.....C.....|
                                 |...-----...|
                                 |...|.{.|...|
                                 |..C|{.{.C..|
                                 |...|.{.|...|
                                 |...-----...|
                                 |.....C.....|
                                 |C.........C|
                                 -------------

Japes the Skirmisher        St:15 Dx:11 Co:18 In:9 Wi:10 Ch:11  Lawful
Dlvl:5  $:56 HP:53(53) Pw:15(15) AC:5  Xp:5/256 T:1207 

Latest messages:
 The pony bites!
 You hit the pony!
 The pony kicks!
 The pony bites!
 #
 Are you sure you want to pray? [yn] (n)
 You begin praying to Tyr.
 You are surrounded by a shimmering light.
 The pony starts to attack you, but pulls back.
 The ghoul starts to attack you, but pulls back.
 The pony starts to attack you, but pulls back.
 The pony starts to attack you, but pulls back.
 The ghoul starts to attack you, but pulls back.
 You finish your prayer.
 You feel that Tyr is well-pleased.
 You feel much better.
 You kill the pony!
 You hit the ghoul!
 The ghoul hits!
 You are frozen by the ghoul!
 The ghoul hits again!
 The ghoul hits!
 The ghoul hits again!
 The ghoul hits!
 The ghoul hits again!
 The ghoul hits!
 The ghoul hits again!
 You can move again.
 You hit the ghoul!
 You destroy the ghoul!
 You see here a pony corpse.
 You kill the kobold lord!
 Killer eats a pony corpse.
 You attack thin air.
 You see here a statue of a forest centaur.
 "Velkommen, Japes, welcome to Delphi!"
 You swap places with Killer.
 You are beginning to feel hungry.
 You hear water falling on coins.
 You see here a studded leather armor.
 What do you want to eat? [d or ?*]
 This food really hits the spot!
 You hear some noises in the distance.
 You finish eating the food ration.
 z - a studded leather armor.
 What do you want to wear? [z or ?*]
 You finish your dressing maneuver.
 #
 Really quit without saving? [yn] (n)
 Do you want your possessions identified? [ynq] (y)

Inventory:
 Coins    ('$')
  $ - 56 gold pieces
 Amulets  ('"')
  o - a cursed amulet of strangulation named cur
 Weapons  (')')
  q - 8 +0 crossbow bolts
  b - a +0 dagger (alternate weapon; not wielded)
  p - a +0 orcish dagger
  a - a +2 spear (weapon in left hand)
 Armor    ('[')
  c - a blessed +3 small shield (being worn)
  z - a cursed -2 studded leather armor (being worn)
 Comestibles  ('%')
  d - an uncursed food ration
 Scrolls  ('?')
  r - an uncursed scroll of blank paper
  u - an uncursed scroll of teleportation
 Spellbooks  ('+')
  m - an uncursed spellbook of detect food
  h - a cursed spellbook of magic mapping
 Potions  ('!')
  x - an uncursed potion of healing
 Wands    ('/')
  w - a wand of lightning (0:5)
 Tools    ('(')
  e - an uncursed oil lamp
  n - an uncursed tin whistle
  v - an uncursed towel
 Gems/Stones  ('*')
  j - a cursed worthless piece of green glass
  k - a cursed worthless piece of yellow glass

Japes the Valkyrie's attributes:

Background:
 You were a Skirmisher, a level 5 human Valkyrie.
 You were lawful, on a mission for Tyr
 who was opposed by Odin (neutral) and Loki (chaotic).
 You were left-handed.
 You were in the Dungeons of Doom, on level 5.
 You entered the dungeon 1207 turns ago.
 There was a full moon in effect when your adventure ended.
 You had 256 experience points, 64 more were needed to attain level 6.

Basics:
 You had all 53 hit points.
 You had all 15 energy points (spell power).
 Your armor class was 5.
 Your wallet contained 56 zorkmids.
 Autopickup was on for '$' plus thrown.

Final Characteristics:
 Your strength was 15 (limit:18/100).
 Your dexterity was 11 (limit:18).
 Your constitution was 18 (limit:18).
 Your intelligence was 9 (limit:18).
 Your wisdom was 10 (peak:11, limit:18).
 Your charisma was 11 (limit:18).

Final Status:
 You weren't hungry.
 You were unencumbered.
 You were wielding a spear.
 You had basic skill with spear.

Final Attributes:
 You were devoutly aligned.
 You were cold resistant.
 You were stealthy.
 You were warded.
 You were lucky.
 You survived.

Miscellaneous:
 You didn't encounter any bones levels.
 Total elapsed playing time was 12 minutes and 28 seconds.

Major events:
 Turn
    1: Japes the lawful human Valkyrie entered the dungeon
  764: entered the Gnomish Mines
  985: attained the rank of Skirmisher (level 3)
 1207: quit

You didn't know any spells.

Skills:
 Fighting Skills
   bare handed combat [Unskilled]
   two weapon combat  [Unskilled]
   riding             [Unskilled]
 Weapon Skills
   dagger             [Basic]
   axe                [Unskilled]
   pick-axe           [Unskilled]
   short sword        [Unskilled]
   broadsword         [Unskilled]
   long sword         [Unskilled]
   two-handed sword   [Unskilled]
   saber              [Unskilled]
   hammer             [Unskilled]
   quarterstaff       [Unskilled]
   polearms           [Unskilled]
   spear              [Basic]
   trident            [Unskilled]
   lance              [Unskilled]
   sling              [Unskilled]
 Spellcasting Skills
   attack spells      [Unskilled]
   escape spells      [Unskilled]

Voluntary challenges:
 Character rerolling was not enabled.
 You never genocided any monsters.
 You never polymorphed an object.
 You never changed form.
 You used no wishes.
Achievements:
 You entered the Gnomish Mines.
 You attained the rank of Skirmisher.

 The Dungeons of Doom: levels 1 to 5
    Level 1:
       Some fountains.
    Level 2:
    Level 3:
       Stairs down to The Gnomish Mines.
    Level 4:
    Level 5: <- You were here.
       Many fountains.
       Oracle of Delphi.
 The Gnomish Mines:
    Level 4:


Vanquished creatures:
  a pony
  9 fog clouds
  a shrieker
  a ghoul
  a kobold leader
  2 cave spiders
  a jackal
  a fox
  2 goblins
  4 sewer rats
  4 grid bugs
  2 lichens
  2 newts
31 creatures vanquished.

No species were genocided or became extinct.

Farvel Japes the Valkyrie...

You quit in The Dungeons of Doom on dungeon level 5 with 1310 points,
and 56 pieces of gold, after 1207 moves.
You were level 5 with a maximum of 53 hit points when you quit.

